 Dungeon Crawl Stone Soup version 0.31-a0-325-g067879e3d3 (webtiles) character file.

Game seed: 6475358765367619085

1 lunkers the Changeling (level 1, 0/17 HPs)
             Began as a Meteoran Shapeshifter on July 18, 2023.
             Slain by a kobold
             ... wielding a +0 dagger
              (4 damage)
             ... on level 1 of the Dungeon.
             The game lasted 00:00:07 (26 turns).

lunkers the Changeling (Meteoran Shapeshifter)        Turns: 26, Time: 00:00:08

Health: 0/17       AC:  2    Str: 16    XL:     1   Next: 28%
Magic:  2/2        EV: 12    Int:  9    God:
Gold:   0          SH:  0    Dex: 14    Spells: 0/0 levels left

rFire   . .          .
                       - Unarmed
rCold   . . .        (no shield)
rNeg    . . .        a - +0 animal skin
rPois   .            (helmet currently unavailable)
rElec   .            (cloak currently unavailable)
rCorr   .            (gloves currently unavailable)
SInv    .            (boots currently unavailable)
Will    .....        (no amulet)
Stlth   +            (no ring)
HPRegen 0.22/turn    (no ring)
MPRegen 0.08/turn

%: no passive effects
@: beast-form, glowing
A: beast (slay +2), sense surroundings 1, otherworldly, glowing, explore regen
a: Begin Untransformation


You were on level 1 of the Dungeon.
You were a hulking beast.
You visited 1 branch of the dungeon, and saw 1 of its levels.

Inventory:

Armour
 a - a +0 animal skin (worn)
Talismans
 c - a beast talisman
Potions
 b - a potion of lignification


   Skills:
 - Level 2.1 Fighting
 - Level 2.4 Dodging
 + Level 2.6 Unarmed Combat
 - Level 3.6 Shapeshifting


You couldn't memorise any spells.
You didn't know any spells.
Your spell library was empty.

Dungeon Overview and Level Annotations

Branches:
Dungeon (1/15) Zot: 570

Altars:


Innate Abilities, Weirdness & Mutations

You are a hulking beast.
Your limbs bulge with bestial killing power. (Slay +2)
You passively map a small area around you.
You are easily found by Zot.
You glow in the dark.
You regain HP and MP as you explore.


Message History

The quokka is moderately wounded.
The bat barely misses you. The bat hits you but does no damage.
The quokka bites you. The kobold misses you.
You hit the quokka.
The quokka is severely wounded.
The bat hits you but does no damage.
The quokka bites you but does no damage.
The kobold barely misses you.
The quokka bites you but does no damage.
You completely miss the quokka.
The quokka is severely wounded.
The kobold hits you with a +0 dagger. The quokka closely misses you.
You miss the quokka.
The quokka is severely wounded.
The bat closely misses you. The bat barely misses you.
The kobold hits you with a +0 dagger.
* * * LOW HITPOINT WARNING * * *
The quokka closely misses you.
You hit the quokka but do no damage.
The quokka is severely wounded.
The bat misses you. The bat barely misses you. The kobold barely misses you.
The quokka bites you.
* * * LOW HITPOINT WARNING * * *
You closely miss the quokka.
The quokka is severely wounded.
The bat barely misses you. The quokka barely misses you.
The kobold hits you with a +0 dagger.
* * * LOW HITPOINT WARNING * * *
Unknown command.
You punch the quokka!
You kill the quokka!
The kobold hits you with a +0 dagger.
* * * LOW HITPOINT WARNING * * *
Unknown command.
You closely miss the kobold. The bat barely misses you.
The kobold hits you with a +0 dagger.
* * * LOW HITPOINT WARNING * * *
You closely miss the kobold. The bat misses you.
The kobold hits you with a +0 dagger.
You die...

* *... #.#.....#, ,
...######.#...P.P* #
#............... *
..####............PP. *
....#.............PP. ,
, ###..................
* * .[................#*
, #>..?.....~♣♣ ♣♣♣ ♣♣ *
** #.#h####.~~≈♣♣♣≈♣♣≈≈
*
.......Kb....♣♣~~~~~~~~~
*
#.........###♣≈~~~~~~~~~
, #.........#
♣≈~~~~<~~~~ ,
#.........# ♣♣~~~~~~~~~
* #.........#
*♣≈~~~~~~~~~ #.^...?...#
#~~≈≈♣≈≈≈♣≈≈
#.............~♣♣♣♣♣♣♣♣♣
####


You could see a bat and a kobold.

Vanquished Creatures
  A quokka (D:1)
1 creature vanquished.

Notes
Turn   | Place    | Note
-------+----------+-------------------------------------------
     0 | D:1      | lunkers the Meteoran Shapeshifter began the quest for the
                  | Orb.
     0 | D:1      | Reached XP level 1. HP: 17/17 MP: 2/2
    26 | D:1      | Slain by a kobold

Illustrated notes

Levels and vault maps discovered:
D:1:      reono_arrival_forest_river, layout_rooms,
          shapermc_ecumenical_altar_mp_ritualfount, minmay_pentomino_z2

Action                     || total
---------------------------++-------
  Melee: Unarmed           ||    14
 Armour: Animal skin       ||     5
  Dodge: Dodged            ||    27

Table legend: (Time is in decaauts)
 A = Elapsed time spent in this place.
 B = Non-inter-level travel time spent in this place.
 C = Inter-level travel time spent in this place.
 D = Time resting spent in this place.
 E = Time spent auto-exploring this place.
 F = Levels seen in this place.
 G = Mean time per level.
                   A        B        C        D        E       F      G
               +--------+--------+--------+--------+--------+-----+--------+
         Total |     28 |     28 |      0 |      0 |     11 |   1 |   28.0 |
       Dungeon |     28 |     28 |      0 |      0 |     11 |   1 |   28.0 |
               +--------+--------+--------+--------+--------+-----+--------+

Top non-repeatable levels by time:
     D:1: 28 daAuts
